 Dungeon Sprint DCSS version 0.21.1-1-g345015fe64 (webtiles) character file.

604 Htamos the Blocker (level 7, -3/64 HPs)
             Began as a Formicid Fighter on July 11, 2018.
             Was an Initiate of Okawaru.
             Slain by Sonja
             ... wielding a +2 dagger of distortion
              (7 damage)
             ... in the Dungeon (Sprint I: "Red Sonja").
             The game lasted 00:03:11 (850 turns).

Htamos the Blocker (Formicid Fighter)                Turns: 850, Time: 00:03:11

Health: -3/64      AC:  8    Str: 20    XL:     7   Next: 70%
Magic:  7/7        EV:  9    Int:  8    God:    Okawaru [......]
Gold:   112        SH: 14    Dex: 12    Spells: 6/6 levels left

rFire    . . .     SeeInvis +   a - +0 flail
rCold    . . .     Gourm    .   d - +2 shield {rPois}
rNeg     . . .     Faith    .   b - +0 scale mail
rPois    +         Spirit   .   (helmet unavailable)
rElec    .         Reflect  .   (no cloak)
rCorr    .         Harm     .   (no gloves)
MR       .....                  (no boots)
Stlth    ..........             (no amulet)
HPRegen  0.20/turn              (no ring)
MPRegen  0.10/turn              (no ring)

@: no status effects
A: permanent stasis, dig shafts and tunnels, four strong arms, antennae 3
a: Dig, Renounce Religion


You were in the Dungeon.
You worshipped Okawaru.
Okawaru was noncommittal.
You were not hungry.

You visited 1 branch You collected 297 gold pieces.
You spent 185 gold pieces at shops.

Inventory:

Hand Weapons
 a - a +0 flail (weapon)
Armour
 b - a +0 scale mail (worn)
 c - a +0 shield
 d - a +2 shield of poison resistance (worn)
Scrolls
 k - a scroll of blinking
Potions
 e - a potion of curing
 h - a potion of haste
 i - 2 potions of magic
 j - a potion of berserk rage
Comestibles
 f - a ration


   Skills:
 + Level 9.1 Fighting
 + Level 7.2 Maces & Flails
 + Level 9.9 Armour
 + Level 10.1 Shields


You had 6 spell levels left.
You didn't know any spells.

Dungeon Overview and Level Annotations

Branches:
Dungeon (1/1)

Altars:
Cheibriados
Dithmenos
Elyvilon
Fedhas
Gozag
Hepliaklqana
Kikubaaqudgha
Makhleb
Nemelex Xobeh
Okawaru
Qazlal
Ru
Sif Muna
Trog
Uskayaw
Vehumet
Wu Jian
Xom
Yredelemnul
Zin
The Shining One
Jiyva
Lugonu

Shops:
D *

Annotations:
D Sonja


Innate Abilities, Weirdness & Mutations

You cannot be hasted, slowed, berserked, paralysed or teleported.
You can dig through walls and to a lower floor.
Your four strong arms can wield two-handed weapons with a shield.
You have a pair of large antennae on your head. (SInv)


Message History

You miss Sonja.
Sonja is moderately wounded.
You block Sonja's attack. Sonja barely misses you.
Sonja hits you with an uncursed dagger of distortion.
* * * LOW HITPOINT WARNING * * *
You feel a strange sense of stasis.
You closely miss Sonja.
Sonja is moderately wounded.
Sonja hits you but does no damage. Space bends around you.
* * * LOW HITPOINT WARNING * * *
You block Sonja's attack. x2
Sonja hits you with an uncursed dagger of distortion.
* * * LOW HITPOINT WARNING * * *
You feel a strange sense of stasis. You block Sonja's attack.
Sonja hits you but does no damage. Space warps horribly around you!
* * * LOW HITPOINT WARNING * * *
As you read the scroll labeled ZIPLERGHITSIL, it crumbles to dust.
You feel blessed for a moment.
It was a scroll of remove curse.
Sonja hits you with an uncursed dagger of distortion!
You die...

###################
#<.#..)..#.)+..#__#
#..').#..'..#..'..+
#..#####'#####'#__#
{
#..####..#.(.#.####
#..#__##.#.@##[# {
#..#_____##K#_.+
#⌠⌠#_.∩...'.(._# {
####_..__##_.#'#
#_____###'#.#
####### #.### $.$ {
$.$# { ##.##


You could see Sonja.

Vanquished Creatures
  A slime creature (D)
  Sigmund (D)
  A yak (D)
  An ogre (D)
  A jelly (D)
  Ijyb (D)
6 creatures vanquished.

Notes
Turn   | Place    | Note
-------+----------+-------------------------------------------
     0 | D        | Htamos the Formicid Fighter began the quest for the Orb.
     0 | D        | Reached XP level 1. HP: 18/18 MP: 1/1
     2 | D        | Noticed Ijyb
    26 | D        | Killed Ijyb
    26 | D        | Reached skill level 5 in Shields
    26 | D        | Reached XP level 2. HP: 2/26 MP: 2/2
    26 | D        | Reached XP level 3. HP: 3/31 MP: 3/3
   404 | D        | Noticed an ogre
   409 | D        | Killed an ogre
   409 | D        | Reached skill level 7 in Shields
   409 | D        | Reached XP level 4. HP: 40/40 MP: 4/4
   409 | D        | Reached XP level 5. HP: 46/46 MP: 5/5
   414 | D        | Noticed Sigmund
   428 | D        | Killed Sigmund
   428 | D        | Reached skill level 5 in Maces & Flails
   428 | D        | Reached skill level 8 in Shields
   428 | D        | Reached XP level 6. HP: 36/55 MP: 6/6
   550 | D        | Found a stormy altar of Qazlal.
   550 | D        | Found a blossoming altar of Fedhas.
   550 | D        | Found a bloodstained altar of Trog.
   550 | D        | Found an iron altar of Okawaru.
   550 | D        | Found a glowing golden altar of the Shining One.
   550 | D        | Found Bugefet's General Store.
   550 | D        | Found an ancient bone altar of Kikubaaqudgha.
   550 | D        | Found a hazy altar of Hepliaklqana.
   550 | D        | Found a hide-covered altar of Uskayaw.
   550 | D        | Found a basalt altar of Yredelemnul.
   550 | D        | Found a sparkling altar of Nemelex Xobeh.
   550 | D        | Found an opulent altar of Gozag.
   550 | D        | Found a snail-covered altar of Cheibriados.
   550 | D        | Found a sacrificial altar of Ru.
   550 | D        | Found a shadowy altar of Dithmenos.
   550 | D        | Noticed a yak
   556 | D        | Killed a yak
   556 | D        | Reached skill level 9 in Shields
   556 | D        | Reached XP level 7. HP: 54/63 MP: 7/7
   557 | D        | Found a glowing silver altar of Zin.
   557 | D        | Found a white marble altar of Elyvilon.
   564 | D        | Found a deep blue altar of Sif Muna.
   564 | D        | Found a radiant altar of Vehumet.
   564 | D        | Found an ornate altar of the Wu Jian Council.
   588 | D        | Bought a +2 shield of poison resistance for 185 gold pieces
   630 | D        | Found a burning altar of Makhleb.
   630 | D        | Found a shimmering altar of Xom.
   630 | D        | Noticed a slime creature
   646 | D        | Killed a slime creature
   646 | D        | Reached skill level 10 in Shields
   647 | D        | Found a viscous altar of Jiyva.
   647 | D        | Found a corrupted altar of Lugonu.
   810 | D        | Became a worshipper of Warmaster Okawaru
   822 | D        | Noticed Sonja
   850 | D        | Slain by Sonja

Skill      XL: |  1  2  3  4  5  6  7 |
---------------+----------------------+-----
Fighting       | 4 6 7 8 9 |  9.1
Armour         | 4 6 8 9 |  9.9
Shields        | 5 7 8 9 10 | 10.1
Maces & Flails | 3 5 6 7 |  7.2

Action                   |  1- 3 |  4- 6 |  7- 9 || total
-------------------------+-------+-------+-------++-------
Melee: Flail             |    28 |    14 |    32 ||    74
 Abil: Dig               |       |     1 |       ||     1
  Use: Potion            |     1 |       |     2 ||     3
       Scroll            |       |       |     1 ||     1
Armor: Scale mail        |     5 |     2 |    14 ||    21
Dodge: Dodged            |     8 |     2 |    14 ||    24
Block: Shield            |    11 |     6 |    44 ||    61
